 Dungeon Crawl Stone Soup version 0.31-a0-263-ge8cad7f256 (webtiles) character file.

Game seed: 2399069344268981383

646 Shard1697 the Conjurer (level 7, -3/56 HPs)
             Began as a White Draconian Hedge Wizard on July 13, 2023.
             Was a Believer of Cheibriados.
             Slain by an orc warrior
             ... wielding a +0 battleaxe
              (8 damage)
             ... on level 5 of the Dungeon on July 14, 2023.
             The game lasted 00:10:41 (4256 turns).

Shard1697 the Conjurer (DrHW)                       Turns: 4256, Time: 00:10:41

Health: -3/56      AC:  6    Str: 18    XL:     7   Next: 27%
Magic:  3/11       EV: 12    Int: 22    God:    Cheibriados [**....]
Gold:   180        SH:  0    Dex: 17    Spells: 5/12 levels left

rFire   . . .        a - +3 flail
rCold   + . .        (no shield)
rNeg    . . .        (body armour unavailable)
rPois   .            b - +0 hat
rElec   .            (no cloak)
rCorr   +            (no gloves)
SInv    .            (no boots)
Will    .....        (no amulet)
Stlth   ++           n - ring of resist corrosion
HPRegen 0.29/turn    (no ring)
MPRegen 0.12/turn

%: no passive effects
@: very slow
A: breathe frost, AC +6, unfitting armour, cold resistance 1, cold-blooded
a: Breathe Frost, Renounce Religion, Bend Time


You were on level 5 of the Dungeon.
You worshipped Cheibriados.
Cheibriados was pleased with you.
You visited 1 branch of the dungeon, and saw 5 of its levels.

You collected 180 gold pieces.

Inventory:

Hand Weapons
 a - a +3 flail (weapon)
 k - a +0 trident
Armour
 b - a +0 hat (worn)
Jewellery
 n - a ring of resist corrosion (left hand)
Wands
 d - a wand of flame (8)
 l - a wand of polymorph (14)
Scrolls
 e - a scroll of noise {unknown}
 f - 3 scrolls of identify {unknown}
 h - a scroll of fear {unknown}
 i - 2 scrolls of teleportation {unknown}
 j - a scroll of fog {unknown}
 m - a scroll of vulnerability {unknown}
Potions
 c - a potion of magic
 g - 2 potions of lignification {unknown}
 o - a potion of haste {unknown}


   Skills:
 + Level 2.4 Fighting
 * Level 3.2 Maces & Flails
 - Level 1.7 Dodging
 - Level 1.8 Stealth
 - Level 3.1 Spellcasting
 - Level 4.2 Conjurations
 - Level 0.5 Hexes
 - Level 2.3 Summonings
 - Level 1.0 Translocations
 - Level 3.4 Air Magic
 + Level 1.6 Invocations


You had 5 spell levels left.
You knew the following spells:

 Your Spells              Type           Power      Damage    Failure   Level
a - Magic Dart            Conj           88%        1d7       2%          1
b - Call Imp              Summ           26%        N/A       7%          2
c - Mephitic Cloud        Conj/Pois/Air  14%        N/A       13%         3
d - Slow                  Hex            20%        N/A       10%         1

Your spell library contained the following spells:

 Spells                   Type           Power      Damage    Failure   Level
 Blink                    Tloc           16%        N/A       12%         2
 Cigotuvi's Dreadful Rot  Necr/Pois/Air  16%        N/A       12%         2


Dungeon Overview and Level Annotations

Branches:
Dungeon (5/15)
 Temple: D:4-7

Altars:
Cheibriados
Fedhas
Vehumet

Annotations:
D:4 exclusion: oklob plant


Innate Abilities, Weirdness & Mutations

You can breathe waves of freezing cold which knock back foes.
Your icy white scales are hard. (AC +6)
You cannot fit into any form of body armour.
Your flesh is cold resistant. (rC+)
You are cold-blooded and may be slowed by cold attacks.


Message History

Your cerulean imp hits the orc warrior but does no damage.
The orc warrior hits your cerulean imp with a +0 battleaxe!!
Your cerulean imp is killed!
Your cerulean imp disappears in a puff of smoke!
The orc barely misses you.
The orc warrior shouts!
You sock the orc!
You kill the orc!
Cheibriados thoroughly appreciates the change of pace.
The quokka bites you but does no damage. x2
The orc warrior hits you with a +0 battleaxe!!
Your magical contamination has completely faded away.
You hit the orc warrior.
The orc warrior is severely wounded.
The quokka twitches its whiskers.
The quokka barely misses you.
The quokka bites you but does no damage.
You completely miss the orc warrior.
The orc warrior is severely wounded.
A hound comes into view.
The quokka bites you.
The orc warrior hits you with a +0 battleaxe!
* * * LOW HITPOINT WARNING * * *
The hound moves out of view.
You hit the orc warrior.
The orc warrior is severely wounded.
The quokka barely misses you. x2
You completely miss the orc warrior.
The orc warrior is severely wounded.
The quokka closely misses you. The orc warrior misses you.
The orc warrior barely misses itself.
You hit the orc warrior. You tail-slap the orc warrior.
The orc warrior is almost dead.
The quokka bites you.
* * * LOW HITPOINT WARNING * * *
The quokka bites you.
* * * LOW HITPOINT WARNING * * *
The orc warrior closely misses the quokka.
The orc warrior hits you with a +0 battleaxe!
You die...

^.. . .#.... .. .#....
.##. # #.# ... ....
#.#######..####.####.#.#
#......<...............#
###...o@...##.<........#
#...r.)...#.#..#<....#
#..................#.#
#........##......###
...................#
##############....##
##†#.# .......
...#o.##.#


You could see an orc warrior (confused) and a quokka.

Vanquished Creatures
  A scorpion (D:5)
  2 hounds
  An orc priest (D:3)
  Ijyb (D:3)
  An iguana (D:5)
  3 orc wizards
  5 adders
  A gnoll (D:2)
  2 dart slugs
  10 orcs
  7 endoplasms
  2 giant cockroaches (D:1)
  5 hobgoblins
  5 quokkas
  5 ball pythons
  5 bats
  4 frilled lizards
  6 goblins
  2 kobolds
  4 rats
72 creatures vanquished.

Vanquished Creatures (collateral kills)
  Grinder (D:3)
  An orc priest (D:3)
  3 gnolls (D:2)
  An orc (D:3)
  A quokka (D:1)
7 creatures vanquished.

Vanquished Creatures (others)
  An endoplasm (D:3)
1 creature vanquished.

Grand Total: 80 creatures vanquished

Notes
Turn   | Place    | Note
-------+----------+-------------------------------------------
     0 | D:1      | Shard1697 the Draconian Hedge Wizard began the quest for
                  | the Orb.
     0 | D:1      | Reached XP level 1. HP: 14/14 MP: 4/4
     2 | D:1      | Learned a level 1 spell: Slow
   325 | D:1      | Reached XP level 2. HP: 20/20 MP: 4/6
   328 | D:1      | Learned a level 2 spell: Call Imp
   914 | D:2      | Reached XP level 3. HP: 5/26 MP: 3/7
  1143 | D:2      | Found a faded altar of an unknown god.
  1238 | D:2      | Prayed at the altar of an unknown god.
  1238 | D:2      | Became a worshipper of Cheibriados the Contemplative
  1238 | D:2      | Reached * piety under Cheibriados
  1334 | D:2      | Reached skill level 2 in Conjurations
  1498 | D:2      | Learned a level 3 spell: Mephitic Cloud
  1604 | D:2      | Reached XP level 4. HP: 25/33 MP: 2/8
  1676 | D:2      | Reached skill level 1 in Air Magic
  1940 | D:3      | Noticed Ijyb
  1952 | D:3      | Killed Ijyb
  2129 | D:3      | Found a radiant altar of Vehumet.
  2129 | D:3      | Noticed Grinder
  2142 | D:3      | Reached skill level 3 in Conjurations
  2149 | D:3      | Paralysed by Grinder for 5 turns
  2158 | D:3      | Killed Grinder
  2159 | D:3      | Reached skill level 4 in Conjurations
  2159 | D:3      | Reached XP level 5. HP: 37/38 MP: 7/9
  2159 | D:3      | Reached XP level 6. HP: 44/45 MP: 7/10
  2438 | D:3      | Reached ** piety under Cheibriados
  2447 | D:3      | Reached skill level 1 in Maces & Flails
  2448 | D:3      | Reached skill level 1 in Fighting
  3382 | D:4      | Identified the +8 whip "Inoaj" {freeze, Contam Int+6}
  3442 | D:4      | Found a blossoming altar of Fedhas.
  3463 | D:4      | Noticed an oklob plant
  3760 | D:4      | Your scales start taking on an icy white colour.
  3760 | D:4      | Reached XP level 7. HP: 46/48 MP: 6/11
  3760 | D:4      | Gained mutation: Your flesh is cold resistant. (rC+) [White
                  | Draconian growth]
  3764 | D:4      | Reached skill level 1 in Invocations
  4078 | D:5      | Entered Level 5 of the Dungeon
  4256 | D:5      | Slain by an orc warrior

Illustrated notes

Levels and vault maps discovered:
D:1:      dpeg_arrival_pits, layout_basic, minmay_crystal_room
D:2:      layout_rooms, ebering_ecumenical_altar_petrified
D:3:      layout_loops_cross, fiery_altar_vehumet, uniq_grinder, uniq_ijyb
D:4:      layout_loops_corners, tgw_fedhas, grunt_decor_arrowhead
D:5:      layout_basic, lemuel_tele_altar, zin_angel,
          minmay_temple_entry_large_hall, serial_shops, shop, uniq_duvessa

Skill      XL: |  1  2  3  4  5  6  7 |
---------------+----------------------+-----
Summonings     | 2 |  2.3
Conjurations   | 2 4 |  4.2
Air Magic      | 3 |  3.4
Maces & Flails | 2 3 |  3.2
Fighting       | 1 2 |  2.4
Invocations    | 1 |  1.6
Dodging        | |  1.7
Stealth        | |  1.8
Spellcasting   | |  3.1
Hexes          | |  0.5
Translocations | |  1.0

Action                     |  1- 3 |  4- 6 |  7- 9 || total
---------------------------+-------+-------+-------++-------
  Melee: Dagger            |    16 |       |       ||    16
         Tailslap          |     5 |    15 |     5 ||    25
         Hand axe          |    26 |       |       ||    26
         Flail             |       |    97 |    34 ||   131
         Punch             |       |     1 |     1 ||     2
   Cast: Magic Dart        |    50 |    17 |     2 ||    69
         Slow              |     5 |       |       ||     5
         Call Imp          |     6 |     8 |     2 ||    16
         Mephitic Cloud    |       |     1 |     2 ||     3
   Stab: Sleeping          |     2 |     2 |     1 ||     5
         Confused          |       |       |     1 ||     1
 Armour: Skin              |    22 |    36 |    14 ||    72
  Dodge: Dodged            |    30 |    63 |    26 ||   119

Table legend: (Time is in decaauts)
 A = Elapsed time spent in this place.
 B = Non-inter-level travel time spent in this place.
 C = Inter-level travel time spent in this place.
 D = Time resting spent in this place.
 E = Time spent auto-exploring this place.
 F = Levels seen in this place.
 G = Mean time per level.
                   A        B        C        D        E       F      G
               +--------+--------+--------+--------+--------+-----+--------+
         Total |   5250 |   5060 |    190 |    587 |   3583 |   5 | 1050.0 |
       Dungeon |   5250 |   5060 |    190 |    587 |   3583 |   5 | 1050.0 |
               +--------+--------+--------+--------+--------+-----+--------+

Top non-repeatable levels by time:
     D:4: 1853 daAuts
     D:3: 1272 daAuts
     D:2: 1054 daAuts
     D:1: 984 daAuts
     D:5: 86 daAuts
